 Dungeon Crawl Stone Soup version 0.31-a0-246-g8cbcc1cb85 (webtiles) character file.

Game seed: 13813462290913433333

20780 Monkooky the Nimble (level 12, -5/58 HPs)
             Began as a Felid Shapeshifter on July 12, 2023.
             Was an Initiate of Gozag.
             Killed from afar by a deep elf pyromancer (38 damage)
             ... with a bolt of fire
             ... on level 1 of the Orcish Mines.
             The game lasted 00:40:13 (17501 turns).

Monkooky the Nimble (Felid Shapeshifter)           Turns: 17501, Time: 00:40:15

Health: -5/58      AC:  3    Str: 13    XL:     12   Next: 48%
Magic:  13/13      EV: 32    Int: 11    God:    Gozag
Gold:   2922       SH:  0    Dex: 18    Spells: 11/11 levels left
                                        Lives:  0   Deaths: 3

rFire   . .          .
                       - Unarmed
rCold   + . .        (shield unavailable)
rNeg    + . .        (body armour unavailable)
rPois   .            (helmet unavailable)
rElec   .            (cloak unavailable)
rCorr   .            (gloves unavailable)
SInv    +            (boots unavailable)
Will    +....        l - amulet of the acrobat
Stlth   ++           g - +5 ring of evasion
HPRegen 0.29/turn    t - ring of positive energy
MPRegen 0.13/turn

%: acrobat
@: maw-form, gold aura, quick
A: devouring maw, very small, claws 1, fangs 3, see invisible, speed 1, shaggy
fur 3, stealthy paws, no weapons or thrown items, no armour, multi-lived
a: Renounce Religion, Potion Petition, Call Merchant, Bribe Branch


You were on level 1 of the Orcish Mines.
You worshipped Gozag.
Gozag was most pleased with you.
You were a creature with a mouth for a stomach.
You visited 4 branches of the dungeon, and saw 17 of its levels.

You collected 4455 gold pieces.
You paid 1533 gold pieces to Gozag.

Inventory:

Jewellery
 g - a +5 ring of evasion (left paw)
 l - an amulet of the acrobat (around neck)
 t - a ring of positive energy (right paw)
Talismans
 b - a beast talisman
 y - a maw talisman
 D - a serpent talisman
Wands
 o - a wand of flame (8) (quivered)
 r - a wand of digging (3)
 u - a wand of roots (11)
 x - a wand of mindburst (2)
 G - a wand of polymorph (4)
Scrolls
 c - 2 scrolls of revelation
 d - 7 scrolls of noise
 h - 6 scrolls of teleportation
 j - 2 scrolls of vulnerability
 p - 2 scrolls of amnesia
 w - a scroll of blinking
 z - 2 scrolls of silence
 E - a scroll of enchant armour {unknown}
 F - 2 scrolls of fear
 H - a scroll of identify
 I - a scroll of torment {unknown}
Potions
 a - 2 potions of lignification
 e - 3 potions of mutation {unknown}
 f - 2 potions of magic
 i - 3 potions of degeneration {unknown}
 m - a potion of resistance {unknown}
 n - 2 potions of invisibility
 q - 2 potions of ambrosia
 s - 5 potions of curing
 v - a potion of enlightenment {unknown}
 A - a potion of might {unknown}
 B - 2 potions of attraction {unknown}


   Skills:
 - Level 10.4 Fighting
 - Level 13.2 Dodging
 - Level 13.1 Unarmed Combat
 - Level 6.2 Evocations
 + Level 13.2 Shapeshifting


You had 11 spell levels left.
You didn't know any spells.
Your spell library contained the following spells:

 Spells                   Type           Power      Damage    Failure   Level
 Kiss of Death            Conj/Necr      0%         2d5       34%         1
 Necrotise                Necr           0%         1d4       34%         1
 Sublimation of Blood     Necr           0%         N/A       47%         2
 Wereblood                Tmut           0%         N/A       47%         2
 Call Canine Familiar     Summ           0%         N/A       71%         3
 Confusing Touch          Hex            0%         N/A       71%         3
 Ozocubu's Armour         Ice            0%         N/A       71%         3
 Vampiric Draining        Necr           0%         2d6       71%         3
 Dispel Undead            Necr           0%         3d6       98%         4
 Leda's Liquefaction      Hex/Erth       0%         N/A       98%         4
 Manifold Assault         Tloc           0%         N/A       98%         4
 Agony                    Necr           0%         N/A       100%        5
 Metabolic Englaciation   Hex/Ice        0%         N/A       100%        5
 Dispersal                Tloc           0%         N/A       100%        6
 Ozocubu's Refrigeration  Ice            0%         4d7       100%        7
 Summon Hydra             Summ           0%         N/A       100%        7
 Disjunction              Tloc           0%         N/A       100%        8
 Portal Projectile        Hex/Tloc       Unusable   N/A       N/A         3
 Simulacrum               Ice/Necr       Unusable   N/A       N/A         6

Dungeon Overview and Level Annotations

Branches:
Dungeon (11/15)            Temple (1/1) D:5            Lair (3/5) D:10
 Shoals (0/4) Lair:3       Spider (0/4) Lair:3          Orc (2/2) D:11
    Elf (0/3) Orc:2

Altars:
Ashenzari
Cheibriados
Dithmenos
Elyvilon
Fedhas
Gozag
Hepliaklqana
Kikubaaqudgha
Makhleb
Nemelex Xobeh
Okawaru
Qazlal
Ru
Sif Muna
Trog
Uskayaw
Vehumet
Wu Jian
Xom
Yredelemnul
Zin
The Shining One

Shops:
D:9 [   D:10 :   Orc:1 :

Portals:
Trove: D:10 (give 8 potions of haste)

Annotations:
D:7 2 runed translucent doors, AlmostDecent's ghost, novice GnIE
D:8 exclusion: two-headed ogre
D:9 exclusion: downstairs
D:10 exclusion: downstairs
Lair:2 exclusion: downstairs
Lair:3 1 runed translucent door, Iniera's ghost, journeyman TrAr
Orc:1 3 runed translucent doors, Jyleaxt's ghost, journeyman AtFi


Innate Abilities, Weirdness & Mutations

You are a creature with a mouth for a stomach.
Your midsection houses a second, enormous mouth.
You have sharp claws.
You have razor-sharp teeth.
You have supernaturally acute eyesight. (SInv)
You cover ground quickly. (Speed+)
Your thick and shaggy fur keeps you warm. (AC +3, rC+)
Your paws help you pounce on unaware monsters.
You are incapable of wielding weapons or throwing items.
You cannot wear armour.
You gain extra lives every three experience levels.


Message History

A deep elf pyromancer is nearby!
The orc shouts!
The deep elf pyromancer shouts!
You hear a shout! x3
The deep elf pyromancer casts a spell at you.
The sticky flame hits you!
You are covered in liquid flames!
You are covered in liquid flames!
The deep elf pyromancer hits you with a +0 dagger.
You claw the deep elf pyromancer!
The deep elf pyromancer is moderately wounded.
You are covered in liquid flames!
The deep elf pyromancer is distracted by your dazzling golden aura.
You barely miss the deep elf pyromancer.
The deep elf pyromancer is no longer distracted by gold.
The deep elf pyromancer shouts!
Your bite misses the deep elf pyromancer.
The deep elf pyromancer is moderately wounded.
You are covered in liquid flames!
You claw the deep elf pyromancer!
Your bite misses the deep elf pyromancer.
The deep elf pyromancer is heavily wounded.
You are covered in liquid flames!
The deep elf pyromancer completely misses you.
A deep elf pyromancer comes into view. It is wielding a +0 short sword.
You closely miss the deep elf pyromancer.
The deep elf pyromancer shouts!
You claw the deep elf pyromancer. You bite the deep elf pyromancer.
The deep elf pyromancer is severely wounded.
The orc completely misses you.
The deep elf pyromancer mumbles some strange words.
The deep elf pyromancer blinks!
The deep elf pyromancer completely misses you.
You claw the deep elf pyromancer! You bite the deep elf pyromancer.
You kill the deep elf pyromancer!
You claw the orc!
You kill the orc!
The deep elf pyromancer gestures at you while chanting.
The bolt of fire hits you!!!
Ouch! That really hurt!
You die...
Your body crumbles into a pile of gold.

$ #......###.#)##
# #..ยง...#.$[.##
. #..........#.#
#.##....$.#......#
..........#.....##
.........#...#.##
.e.......##.####
..#...#.#####
..o..#$W.#
.....##$## ....
... ..# ...## ..
#.### .. $ .#. ###


You could see a deep elf pyromancer.

Vanquished Creatures
  Saint Roka (Orc:2)
  Gastronok (Orc:1)
  Nessos (Lair:3)
  A hydra (Lair:3)
  Fannar (Lair:3)
  Erolcha (Orc:1)
  2 boulder beetles
  3 two-headed ogres (Orc:2)
  Urug (D:11)
  A skyshark (Lair:3)
  2 deep elf pyromancers (Orc:1)
  2 deep elf zephyrmancers (Orc:1)
  2 orc sorcerers (Orc:2)
  2 cyclopes
  2 black mambas
  4 cane toads
  2 unseen horrors (D:11)
  12 rime drakes
  3 komodo dragons
  4 trolls
  A polar bear (Lair:2)
  6 blink frogs
  Sigmund (D:3)
  3 shadows
  A vampire (D:11)
  3 wyverns (Lair:3)
  12 steam dragons
  6 humans (D:10)
  A wraith (D:11)
  Grum (D:9)
  3 basilisks (Lair:2)
  27 yaks
  2 wargs (Orc:2)
  10 vampire mosquitoes
  Menkaure (D:7)
  2 acid dragons
  9 water moccasins
  4 ice beasts
  A black bear (D:7)
  16 orc warriors
  10 ogres
  2 sky beasts
  3 centaurs
  17 wolves
  2 kobold brigands (D:7)
  2 phantoms
  Blork the orc (D:6)
  6 bullfrogs
  8 scorpions
  10 wights
  3 troll zombies (D:11)
  14 killer bees
  3 howler monkeys
  An electric eel (Lair:3)
  A gnoll bouda (D:4)
  4 hounds
  3 jellies (D:6)
  16 orc priests
  2 sleepcaps (D:7)
  3 iron imps (D:9)
  An iguana (D:6)
  7 hell rats (Lair:3)
  18 orc wizards
  5 ogre zombies (D:11)
  5 gnolls
  3 adders
  A shadow imp (D:8)
  2 white imps (D:7)
  An ufetubus (D:5)
  5 worms
  2 dart slugs
  52 orcs
  7 ball pythons
  10 endoplasms
  4 giant cockroaches
  2 goblins
  7 hobgoblins
  10 jackals
  13 kobolds
  4 quokkas
  2 bats (D:1)
  3 frilled lizards
  4 goblin skeletons (D:11)
  2 goblin zombies (D:11)
  3 hobgoblin zombies (D:11)
  6 orc skeletons (D:11)
  10 orc zombies (D:11)
  7 rats
465 creatures vanquished.

Vanquished Creatures (others)
  An orc priest (Orc:1)
  An orc wizard (Orc:1)
2 creatures vanquished.

Grand Total: 467 creatures vanquished

Notes
Turn   | Place    | Note
-------+----------+-------------------------------------------
     0 | D:1      | Monkooky the Felid Shapeshifter began the quest for the
                  | Orb.
     0 | D:1      | Reached XP level 1. HP: 9/9 MP: 2/2
   130 | D:1      | Reached XP level 2. HP: 13/13 MP: 3/3
   351 | D:1      | Reached XP level 3. HP: 14/16 MP: 4/4
   570 | D:2      | Found a faded altar of an unknown god.
   586 | D:2      | Prayed at the altar of an unknown god.
   586 | D:2      | Became a worshipper of the Shining One
   586 | D:2      | Reached * piety under the Shining One
  1203 | D:3      | Noticed an angel
  1204 | D:3      | Found a shimmering altar of Xom.
  1204 | D:3      | Found a glowing silver altar of Zin.
  1279 | D:3      | Noticed Sigmund
  1295 | D:3      | Killed Sigmund
  1296 | D:3      | Reached skill level 5 in Unarmed Combat
  1296 | D:3      | Reached XP level 4. HP: 8/19 MP: 5/5
  1296 | D:3      | Reached XP level 5. HP: 9/22 MP: 6/6
  1554 | D:3      | Gained mutation: You are covered in thick fur. (AC +2)
                  | [Felid growth]
  1554 | D:3      | Reached XP level 6. HP: 5/26 MP: 7/7
  1554 | D:3      | HP: 1/26 [orc wizard/magic dart (5)]
  1961 | D:4      | Reached skill level 5 in Dodging
  1974 | D:4      | Reached ** piety under the Shining One
  1988 | D:4      | Reached XP level 7. HP: 16/30 MP: 8/8
  2144 | D:4      | Found a glowing golden altar of the Shining One.
  2153 | D:4      | Found a sacrificial altar of Ru.
  2567 | D:5      | Entered Level 5 of the Dungeon
  2589 | D:5      | Reached skill level 1 in Evocations
  2817 | D:5      | Reached skill level 5 in Evocations
  2938 | D:5      | Found a staircase to the Ecumenical Temple.
  3077 | Temple   | Entered the Ecumenical Temple
  3298 | D:6      | Reached XP level 8. HP: 22/33 MP: 9/9
  3524 | D:6      | Found a stormy altar of Qazlal.
  3672 | D:6      | Noticed Blork the orc
  3686 | D:6      | Killed Blork the orc
  3793 | D:6      | Found an opulent altar of Gozag.
  3890 | D:6      | Fell from the grace of the Shining One
  3890 | D:6      | Became a worshipper of Gozag Ym Sagoz the Greedy
  4257 | D:6      | Found a shadowy altar of Dithmenos.
  4381 | D:7      | Noticed Menkaure
  4408 | D:7      | Killed Menkaure
  4409 | D:7      | Reached skill level 5 in Fighting
  4409 | D:7      | Reached XP level 9. HP: 36/40 MP: 10/10
  4418 | D:7      | Found a large runed translucent door.
  4418 | D:7      | Found a large runed translucent door.
  4588 | D:7      | Found an ornate altar of the Wu Jian Council.
  4593 | D:7      | Found an ancient bone altar of Kikubaaqudgha.
  4884 | D:7      | Noticed AlmostDecent's ghost (novice GnIE)
  5662 | D:8      | Noticed a two-headed ogre
  5800 | D:8      | Found a bloodstained altar of Trog.
  6049 | D:8      | Found a shimmering blue altar of Sif Muna.
  6487 | D:9      | Killed from afar by an orc priest
  6488 | D:9      | Reached XP level 8. HP: 0/40 MP: 9/9
  6532 | D:9      | Reached skill level 5 in Shapeshifting
  6537 | D:9      | Reached XP level 9. HP: 31/43 MP: 10/10
  6628 | D:9      | Found a hide-covered altar of Uskayaw.
  6693 | D:9      | Noticed Grum
  6737 | D:9      | Killed Grum
  7180 | D:9      | Found a burning altar of Makhleb.
  7271 | D:9      | Found Culiu's Armour Emporium.
  7323 | D:10     | Entered Level 10 of the Dungeon
  7338 | D:10     | Noticed a rime drake
  7358 | D:10     | Killed a rime drake
  7367 | D:10     | Reached XP level 10. HP: 31/47 MP: 11/11
  7760 | D:10     | Reached skill level 10 in Shapeshifting
  7852 | D:10     | Found a staircase to the Lair.
  8101 | D:10     | Found a sparkling altar of Nemelex Xobeh.
  8264 | D:10     | Found Fokafob's Book Shop.
  8292 | D:10     | Found a portal to a secret trove of treasure.
  8463 | Lair:1   | Entered Level 1 of the Lair of Beasts
  8677 | Lair:1   | Reached XP level 11. HP: 33/50 MP: 12/12
  9672 | Lair:1   | Noticed a boulder beetle
  9706 | Lair:1   | Killed a boulder beetle
 10306 | Lair:2   | Reached skill level 10 in Unarmed Combat
 11588 | Lair:3   | Noticed Nessos
 12144 | Lair:3   | Noticed a four-headed hydra
 12155 | Lair:3   | Killed a four-headed hydra
 12403 | Lair:3   | Reached skill level 10 in Dodging
 12447 | Lair:3   | Killed Nessos
 12448 | Lair:3   | Gained mutation: Your thick and shaggy fur keeps you warm.
                  | (AC +3, rC+) [Felid growth]
 12448 | Lair:3   | Reached XP level 12. HP: 32/57 MP: 13/13
 12667 | Lair:3   | Noticed Fannar
 12697 | Lair:3   | Killed Fannar
 12895 | Lair:3   | Found a staircase to the Shoals.
 13472 | Lair:3   | Found a hole to the Spider Nest.
 13527 | Lair:3   | Mangled by a skyshark
 13528 | Lair:3   | Reached XP level 11. HP: -10/53 MP: 12/12
 13538 | Lair:3   | Killed a skyshark
 14180 | Lair:3   | Found a runed translucent door.
 14232 | Lair:3   | Identified the +6 spear "Deysch" {flame, Str-4 Int+4 Dex+4}
 14232 | Lair:3   | Noticed a spriggan rider
 14233 | Lair:3   | Noticed Iniera's ghost (journeyman TrAr)
 14372 | Lair:3   | Reached skill level 10 in Fighting
 14613 | D:11     | Noticed Urug
 14794 | D:11     | Reached XP level 12. HP: 35/58 MP: 13/13
 14944 | D:11     | Killed Urug
 15111 | D:11     | Found a staircase to the Orcish Mines.
 15728 | D:11     | Noticed a boulder beetle
 15745 | D:11     | Killed a boulder beetle
 16145 | Orc:1    | Entered Level 1 of the Orcish Mines
 16145 | Orc:1    | Found Qeffoqoa's Book Shoppe.
 16150 | Orc:1    | Noticed Gastronok
 16163 | Orc:1    | Killed Gastronok
 16218 | Orc:1    | Found a runed translucent gate.
 16218 | Orc:1    | Found a runed translucent gate.
 16218 | Orc:1    | Found a runed translucent gate.
 16218 | Orc:1    | Noticed a merfolk impaler
 16220 | Orc:1    | Noticed a tengu warrior
 16220 | Orc:1    | Noticed a centaur warrior
 16221 | Orc:1    | Noticed a tengu warrior
 16221 | Orc:1    | Noticed Jyleaxt's ghost (journeyman AtFi)
 16226 | Orc:1    | Found an iron altar of Okawaru.
 16302 | Orc:1    | Noticed Erolcha
 16319 | Orc:1    | Killed Erolcha
 16654 | Orc:2    | Entered Level 2 of the Orcish Mines
 16885 | Orc:2    | Found a staircase to the Elven Halls.
 17034 | Orc:2    | Noticed Saint Roka
 17041 | Orc:2    | Noticed a two-headed ogre
 17056 | Orc:2    | Noticed a two-headed ogre
 17058 | Orc:2    | Noticed a two-headed ogre
 17080 | Orc:2    | Mangled by a sixfirhy
 17081 | Orc:2    | Reached XP level 11. HP: -6/55 MP: 12/12
 17089 | Orc:2    | Killed a two-headed ogre
 17100 | Orc:2    | Killed an orc sorcerer
 17113 | Orc:2    | Killed a two-headed ogre
 17114 | Orc:2    | Reached XP level 12. HP: 27/58 MP: 13/13
 17116 | Orc:2    | Killed a two-headed ogre
 17126 | Orc:2    | Noticed a two-headed ogre
 17130 | Orc:2    | Killed Saint Roka
 17501 | Orc:1    | Killed from afar by a deep elf pyromancer

Illustrated notes

Levels and vault maps discovered:
D:1:      lemuel_arrival_rhombus, layout_rooms
D:2:      layout_rooms, ebering_ecumenical_altar_sacrificial
D:3:      layout_loops_cross, grunt_temple_overflow_order_and_chaos_1,
          uniq_sigmund
D:4:      layout_gridville, mainiacjoe_overflow_swirl
D:5:      layout_cave_pools, minmay_temple_entry_drinking_statues,
          minmay_misc_feat_columns, minmay_gold_behind_fungi
D:6:      layout_rooms, marbit_many_paths, nicolae_gozag_seed_capital,
          nicolae_qazlal_beasts_of_the_sky, kennysheep_small_spiral,
          uniq_blork_the_orc
D:7:      layout_basic, minitemple, ebering_ghost_disaster_area, serial_curves,
          eino_curves_01, eino_curves_01, uniq_menkaure
D:8:      layout_basic, tgw_sif, bloody_trog, minivault_10,
          corexii_hall_statues_l, chequers_serial_rivers_large_a,
          grunt_ministairs_8
D:9:      layout_stronghold, demons_altar,
          nicolae_uskayaw_murder_on_the_dancefloor, serial_shops,
          nicolae_shop_scrapyard, uniq_grum
D:10:     layout_rooms, kennysheep_mini_moat, hellmonk_lair_entry_icy,
          enter_trove_3, serial_shops, nicolae_book_shop_shelving,
          nicolae_sextant, chequers_arboretum, minmay_ruffians
D:11:     layout_basic, zombieorc2_lemuel, david_defended_altar_orc, uniq_urug
Temple:   hellmonk_temple_beads
Lair:1:   layout_layer_cave, serial_bayou_shore_a, infiniplex_staircase_pool_2
Lair:2:   layout_cave_pods, serial_bayou_shore_b
Lair:3:   layout_regular_city, elwin_shoals_entry_rooms,
          nicolae_spider_entry_non_spiders, ebering_ghost_funeral_grove,
          bobbens_dragon_lair_wall, uniq_fannar, uniq_nessos
Orc:1:    layout_diamond_mine, serial_shops, shop, basic_altar,
          gammafunk_ghost_fury_of_okawaru, elves_outpost_lemuel, uniq_erolcha,
          uniq_gastronok
Orc:2:    st_orc_ogre_mass, layout_caves, uniq_saint_roka

Skill      XL: |  1  2  3  4  5  6  7  8  9 10 11 12 |
---------------+-------------------------------------+-----
Unarmed Combat | 3 5 6 7 8 12 13 | 13.1
Dodging        | 3 6 7 8 9 12 13 | 13.2
Evocations     | 5 6 |  6.2
Fighting       | 5 7 10 | 10.4
Shapeshifting  | 5 8 10 12 13 | 13.2

Action                     |  1- 3 |  4- 6 |  7- 9 | 10-12 || total
---------------------------+-------+-------+-------+-------++-------
  Melee: Unarmed           |    95 |    70 |   354 |   722 ||  1241
         Bite              |     6 |    10 |    62 |   123 ||   201
         Punch             |     1 |     8 |    24 |    84 ||   117
         Maw               |       |       |       |   295 ||   295
         Constrict         |       |       |       |     8 ||     8
 Invoke: Divine Shield     |       |       |     1 |       ||     1
         Potion Petition   |       |       |     1 |     3 ||     4
  Evoke: Wand              |       |       |    15 |    49 ||    64
    Use: Scroll            |       |     6 |     4 |     6 ||    16
         Potion            |       |     2 |     4 |     7 ||    13
   Stab: Sleeping          |     1 |       |     1 |     4 ||     6
         Distracted        |       |       |     2 |     4 ||     6
 Armour: Skin              |     4 |     3 |    32 |     8 ||    47
  Dodge: Dodged            |    65 |    70 |   321 |   653 ||  1109
  Block: Other             |       |       |     2 |       ||     2
         Form:             |       |     3 |       |       ||     3
         Beast             |       |     3 |       |       ||     3
         Maw               |       |       |       |     3 ||     3
         Anaconda          |       |       |       |     1 ||     1

Table legend: (Time is in decaauts)
 A = Elapsed time spent in this place.
 B = Non-inter-level travel time spent in this place.
 C = Inter-level travel time spent in this place.
 D = Time resting spent in this place.
 E = Time spent auto-exploring this place.
 F = Levels seen in this place.
 G = Mean time per level.
                   A        B        C        D        E       F      G
               +--------+--------+--------+--------+--------+-----+--------+
         Total |  15247 |  14518 |    729 |   1756 |  10018 |  17 |  896.9 |
       Dungeon |   8822 |   8416 |    406 |    804 |   5939 |  11 |  802.0 |
        Temple |     87 |     87 |      0 |      0 |     61 |   1 |   87.0 |
          Lair |   5232 |   4957 |    275 |    716 |   3527 |   3 | 1744.0 |
  Orcish Mines |   1105 |   1059 |     46 |    235 |    489 |   2 |  552.5 |
               +--------+--------+--------+--------+--------+-----+--------+

Top non-repeatable levels by time:
  Lair:3: 2114 daAuts
  Lair:2: 1705 daAuts
  Lair:1: 1413 daAuts
    D:11: 1285 daAuts
    D:10: 1262 daAuts
     D:9: 947 daAuts
     D:8: 926 daAuts
     D:7: 858 daAuts
     D:6: 819 daAuts
   Orc:1: 781 daAuts
     D:3: 755 daAuts
     D:5: 570 daAuts
     D:4: 501 daAuts
     D:1: 478 daAuts
     D:2: 417 daAuts
